 Dungeon Crawl Stone Soup version 0.26-a0-849-gf1512cd430 (webtiles) character file.

Game seed: 5558924785294348445

15213 Descartes the Cleaver (level 12, -3/97 HPs)
             Began as a Formicid Fighter on Nov 20, 2020.
             Was an Initiate of Gozag.
             Killed from afar by a blizzard demon (18 damage)
             ... with a bolt of lightning
             ... on level 1 of the Abyss.
             The game lasted 00:37:41 (11287 turns).

Descartes the Cleaver (Formicid Fighter)           Turns: 11287, Time: 00:37:42

Health: -3/97      AC: 22    Str: 24    XL:     12   Next: 54%
Magic:  12/12      EV:  8    Int: 10    God:    Gozag
Gold:   749        SH: 11    Dex: 10    Spells: 11/11 levels left

rFire    + . .     SeeInvis +   U - +4 battleaxe
rCold    . . .     Faith    .   c - +0 kite shield
rNeg     . . .     Spirit   .   Q - +3 chain mail {rF+}
rPois    .         Reflect  .   (helmet unavailable)
rElec    .         Harm     .   p - +1 cloak
rCorr    .         Rampage  .   o - +0 pair of gloves
MR       +....                  (no boots)
Stlth    ..........             y - amulet of regeneration
HPRegen  0.66/turn              u - +4 ring of protection
MPRegen  0.13/turn              (no ring)

@: no status effects
A: permanent stasis, dig shafts and tunnels, four strong arms, antennae 3, claws
1, hooves 1
a: Dig, Shaft Self, Potion Petition, Call Merchant, Bribe Branch, Renounce
Religion


You were on level 1 of the Abyss.
You worshipped Gozag.
Gozag was pleased with you.
You visited 3 branches of the dungeon, and saw 13 of its levels.
You visited the Abyss 1 time.

You collected 2355 gold pieces.
You spent 120 gold pieces at shops.
You paid 1486 gold pieces to Gozag.

Inventory:

Hand Weapons
 N - a +2 halberd of venom
 O - a +3 dire flail
 S - a +5 halberd of freezing
 U - a +4 battleaxe (weapon)
Missiles
 l - 347 stones (quivered)
 B - a throwing net
 C - 52 poisoned darts
 H - 15 boomerangs
 V - 2 javelins
Armour
 c - a +0 kite shield (worn)
 o - a +0 pair of gloves (worn)
 p - a +1 cloak (worn)
 Q - a +3 chain mail of fire resistance (worn)
Jewellery
 b - an uncursed ring of stealth
 u - a +4 ring of protection (left hand)
 y - an amulet of regeneration (around neck)
Wands
 i - a wand of random effects (16)
 A - a wand of polymorph (12)
 F - a wand of iceblast (17)
 I - a wand of acid (9)
 L - a wand of paralysis (7)
 P - a wand of flame (56)
 R - a wand of disintegration (12)
 T - a wand of digging (6)
Scrolls
 a - a scroll of acquirement {unknown}
 g - 3 scrolls of remove curse
 j - 4 scrolls of enchant weapon
 k - 3 scrolls of amnesia
 q - a scroll of identify
 r - 3 scrolls of fog
 w - 5 scrolls of magic mapping
 x - 2 scrolls of random uselessness {unknown}
 J - 2 scrolls of fear
 K - a scroll of enchant armour
 W - a scroll of silence
Potions
 d - 2 potions of might
 m - 4 potions of curing
 n - 2 potions of ambrosia
 s - a potion of resistance
 t - 3 potions of heal wounds
 v - 4 potions of magic
 z - a potion of cancellation
 E - 4 potions of attraction
 G - a potion of mutation
 M - a potion of lignification


   Skills:
 + Level 10.1 Fighting
 + Level 13.4 Axes
 + Level 10.1 Armour
 - Level 9.0 Shields


You had 11 spell levels left.
You didn't know any spells.
Your spell library contained the following spells:

 Spells                   Type           Power        Failure   Level
 Corona                   Hex            #......      90%         1
 Sting                    Tmut/Pois      #...         90%         1
 Ensorcelled Hibernation  Hex/Ice        #.....       97%         2
 Poisonous Vapours        Pois/Air       #.....       97%         2
 Confusing Touch          Hex            #.......     99%         3
 Dazzling Flash           Conj/Hex       #.....       99%         3
 Ignite Poison            Fire/Tmut/Pois #.......     99%         3
 Mephitic Cloud           Conj/Pois/Air  #.......     99%         3
 Tukima's Dance           Hex            #.......     99%         3
 Olgreb's Toxic Radiance  Pois           #.......     100%        4


Dungeon Overview and Level Annotations

Branches:
Dungeon (11/15)            Temple (1/1) D:4            Lair (1/6) D:8
    Orc: D:9-12

Altars:
Ashenzari
Cheibriados
Dithmenos
Elyvilon
Fedhas
Gozag
Hepliaklqana
Kikubaaqudgha
Makhleb
Nemelex Xobeh
Okawaru
Qazlal
Ru
Sif Muna
Trog
Uskayaw
Vehumet
Wu Jian
Xom
Yredelemnul
Zin
The Shining One

Shops:
D:7 =   D:9 }!

Annotations:
D:4 3 runed translucent doors, glosham's ghost, amateur DEDe
Lair:1 Sonja


Innate Abilities, Weirdness & Mutations

You cannot be hasted, slowed, berserked, paralysed or teleported.
You can dig through walls and to a lower floor.
Your four strong arms can wield two-handed weapons with a shield.
You have a pair of large antennae on your head. (SInv)
You have sharp fingernails.
You have large cloven feet.


Message History

You slice the insubstantial wisp!!
You destroy the insubstantial wisp!
No target in view!
No target in view!
A blizzard demon is nearby!
The blizzard demon shouts!
The blizzard demon gestures at you. The bolt of cold hits you!!
You are too injured to fight recklessly!
You are too injured to fight recklessly!
You hit the blizzard demon but do no damage.
Your kick misses the blizzard demon. The blizzard demon gestures at you.
The bolt of cold hits you!!
* * * LOW HITPOINT WARNING * * *
You hit the blizzard demon but do no damage.
The blizzard demon gestures at you. The bolt of lightning hits you!!
You die...
Your body crumbles into a pile of gold.

# #. . #. .## #.
# .# #. # .#. .##
## . x.#...#
.....#. .. #..#.
#) ### . $.
..##.2#.# # ##
.#$ ..#.## #.#
#.## ## # # $
.#@#...# ....# .
#....#2...#...# #
##.#.#....$# #
.##
..#..##..#.#....#
. . ##..#.#.#
.#... # ....###..
.. # . ## ....##
#... #. .# ..
..... # .# . .
#..#. . ...#


You could see a blizzard demon.

Vanquished Creatures
  A hydra (Lair:1)
  Harold (D:8)
  A two-headed ogre (D:11)
  A thrashing horror (Abyss:1)
  A soul eater (Abyss:1)
  Pikel (D:8)
  A deep elf mage (D:10)
  2 cyclopes
  2 large abominations (Abyss:1)
  A black mamba (Lair:1)
  A smoke demon (Abyss:1)
  A gargoyle (D:10)
  2 komodo dragons (Lair:1)
  A troll (D:9)
  A hornet (D:10)
  Grinder (D:4)
  A slime creature (D:10)
  A vampire (D:11)
  4 yaks (D:10)
  Eustachio (D:5)
  A wyvern (D:11)
  A steam dragon (D:9)
  Menkaure (D:4)
  3 insubstantial wisps (Abyss:1)
  An ice beast (D:5)
  4 orc warriors
  3 sky beasts
  2 black bears
  2 phantoms
  A necrophage (D:6)
  10 ogres
  3 centaurs
  4 lemures (D:8)
  A big kobold (D:11)
  9 bullfrogs
  A wyvern zombie (D:10)
  A gnoll sergeant (D:6)
  A wyvern skeleton (D:11)
  5 scorpions
  9 killer bees
  13 wights
  4 quasits
  3 hounds
  7 jellies
  3 orc priests
  A centaur skeleton (D:7)
  2 bullfrog skeletons (D:10)
  4 iguanas
  Ijyb (D:5)
  10 orc wizards
  A small abomination (Abyss:1)
  12 worker ants
  A killer bee zombie (D:6)
  A howler monkey zombie (D:5)
  A worker ant zombie (D:7)
  A howler monkey skeleton (D:4)
  9 gnolls
  18 adders
  6 shadow imps
  4 white imps
  2 oozes
  2 adder zombies
  An adder skeleton (D:4)
  A worm (D:3)
  5 dart slugs
  11 leopard geckos
  43 orcs
  6 giant cockroaches
  4 goblins
  10 hobgoblins
  26 jackals
  5 quokkas
  2 ball pythons (D:3)
  8 bats
  2 frilled lizards
  A giant cockroach zombie (D:6)
  A jackal skeleton (D:5)
  8 kobolds
  2 leopard gecko skeletons
  A leopard gecko zombie (D:6)
  A quokka zombie (D:5)
  7 rats
340 creatures vanquished.

Notes
Turn   | Place    | Note
-------+----------+-------------------------------------------
     0 | D:1      | Descartes the Formicid Fighter began the quest for the Orb.
     0 | D:1      | Reached XP level 1. HP: 18/18 MP: 1/1
    65 | D:1      | Reached XP level 2. HP: 24/24 MP: 2/2
   341 | D:1      | Reached XP level 3. HP: 28/29 MP: 3/3
   414 | D:1      | Found a glowing golden altar of the Shining One.
   641 | D:1      | Reached skill level 5 in Shields
  1044 | D:2      | Reached XP level 4. HP: 35/35 MP: 4/4
  1807 | D:3      | Reached XP level 5. HP: 41/41 MP: 5/5
  2265 | D:3      | Reached XP level 6. HP: 47/47 MP: 6/6
  2705 | D:4      | Noticed an ogre
  2719 | D:4      | Killed an ogre
  2739 | D:4      | Reached XP level 7. HP: 28/52 MP: 7/7
  2922 | D:4      | Reached skill level 3 in Axes
  2972 | D:4      | Found a sacrificial altar of Ru.
  3019 | D:4      | Found a staircase to the Ecumenical Temple.
  3023 | D:4      | Found a runed translucent gate.
  3023 | D:4      | Found a runed translucent gate.
  3023 | D:4      | Found a runed translucent gate.
  3024 | D:4      | Noticed glosham's ghost (amateur DEDe)
  3046 | D:4      | Noticed Grinder
  3061 | D:4      | Killed Grinder
  3062 | D:4      | Reached skill level 5 in Axes
  3062 | D:4      | Reached XP level 8. HP: 45/58 MP: 8/8
  3159 | D:4      | Noticed Menkaure
  3167 | D:4      | Killed Menkaure
  3252 | D:4      | Found a burning altar of Makhleb.
  3523 | Temple   | Entered the Ecumenical Temple
  3569 | Temple   | Became a worshipper of Gozag Ym Sagoz the Greedy
  3761 | D:5      | Entered Level 5 of the Dungeon
  3769 | D:5      | Reached skill level 6 in Axes
  3879 | D:5      | Found a snail-covered altar of Cheibriados.
  4009 | D:5      | Noticed Eustachio
  4038 | D:5      | Killed Eustachio
  4039 | D:5      | Reached skill level 7 in Axes
  4433 | D:5      | Noticed Ijyb
  4443 | D:5      | Killed Ijyb
  4447 | D:5      | Reached skill level 8 in Axes
  4550 | D:5      | Reached XP level 9. HP: 64/64 MP: 9/9
  4897 | D:6      | Reached skill level 9 in Axes
  5086 | D:6      | Reached skill level 10 in Axes
  5803 | D:6      | Reached XP level 10. HP: 69/71 MP: 10/10
  5892 | D:6      | Reached skill level 11 in Axes
  6340 | D:6      | Reached skill level 5 in Fighting
  6342 | D:6      | Reached skill level 5 in Armour
  6827 | D:7      | Found Gushrait's Jewellery Shoppe.
  7248 | D:8      | Found a bloodstained altar of Trog.
  7250 | D:8      | Found a glowing golden altar of the Shining One.
  7268 | D:8      | Found a staircase to the Lair.
  7334 | D:8      | Noticed Harold
  7397 | D:8      | Killed Harold
  7706 | D:8      | Noticed Pikel
  7723 | D:8      | HP: 1/77 [disintegration (25)]
  7733 | D:8      | Killed Pikel
  7734 | D:8      | Reached XP level 11. HP: 29/83 MP: 11/11
  8071 | D:9      | Reached skill level 12 in Axes
  8356 | D:9      | Found Fessur's Gadget Boutique.
  8738 | D:9      | Found Ceaddousm's Distillery.
  8743 | D:9      | Bought a potion of curing for 45 gold pieces
  8743 | D:9      | Bought a potion of heal wounds for 75 gold pieces
  9268 | D:10     | Entered Level 10 of the Dungeon
  9290 | D:10     | Noticed a deep elf mage
  9296 | D:10     | Killed a deep elf mage
 10036 | D:10     | Noticed a cyclops
 10043 | D:10     | Killed a cyclops
 10428 | D:11     | Noticed a two-headed ogre
 10431 | D:11     | Noticed a cyclops
 10441 | D:11     | Killed a two-headed ogre
 10450 | D:11     | Killed a cyclops
 10451 | D:11     | Reached XP level 12. HP: 66/95 MP: 12/12
 10729 | Lair:1   | Entered Level 1 of the Lair of Beasts
 10806 | Lair:1   | Reached skill level 13 in Axes
 10958 | D:8      | Gained mutation: You have large cloven feet. [potion of
                  | mutation]
 10958 | D:8      | Gained mutation: You have sharp fingernails. [potion of
                  | mutation]
 11000 | Lair:1   | Noticed Sonja
 11001 | Lair:1   | Noticed a seven-headed hydra
 11014 | Lair:1   | Killed a seven-headed hydra
 11016 | Lair:1   | Cast into level 1 of the Abyss (Sonja)
 11025 | Abyss:1  | Noticed a thrashing horror
 11151 | Abyss:1  | Killed a thrashing horror
 11204 | Abyss:1  | Reached skill level 10 in Fighting
 11209 | Abyss:1  | Reached skill level 10 in Armour
 11220 | Abyss:1  | Noticed a soul eater
 11231 | Abyss:1  | Killed a soul eater
 11256 | Abyss:1  | Noticed a blizzard demon
 11287 | Abyss:1  | Killed from afar by a blizzard demon

Illustrated notes

Levels and vault maps discovered:
D:1:      dpeg_arrival_orchard, layout_basic, tso_altar
D:2:      layout_loops_ring
D:3:      layout_basic, minmay_fractal_squares_5
D:4:      layout_basic, lemuel_crystal_altar, marbit_many_paths,
          minmay_temple_entry_grid, gammafunk_ghost_nasty_kobolds,
          uniq_menkaure, uniq_grinder
D:5:      kennysheep_spiral_hall, layout_gridville, kennysheep_slug_shrine,
          uniq_eustachio, uniq_ijyb
D:6:      kennysheep_windowed_halls, layout_basic
D:7:      layout_basic, serial_shops, shop
D:8:      layout_basic, minitemple, dpeg_oklobed_lair, uniq_harold, uniq_pikel
D:9:      layout_layer_cave, serial_shops, shop_statue, nicolae_shop_trees
D:10:     layout_loops_ring, lightli_minifort
D:11:     layout_basic, hangedman_corner_corridor
Temple:   minmay_crystal_spiral_temple
Lair:1:   layout_regular_city, minmay_lair_oklob_chamber, uniq_sonja
Abyss:1:  base:
D:1

Skill      XL: |  1  2  3  4  5  6  7  8  9 10 11 12 |
---------------+-------------------------------------+-----
Shields        | 4 5 6 7 8 9 |  9.0
Axes           | 5 8 10 11 12 13 | 13.4
Armour         | 6 9 10 | 10.1
Fighting       | 6 9 10 | 10.1

Action                   |  1- 3 |  4- 6 |  7- 9 | 10-12 || total
-------------------------+-------+-------+-------+-------++-------
Melee: War axe           |    90 |    33 |       |       ||   123
       Hand axe          |       |   148 |   362 |   474 ||   984
       Battleaxe         |       |       |       |   274 ||   274
       Kick              |       |       |       |    12 ||    12
       Dire flail        |       |       |       |     9 ||     9
Invok: Potion Petition   |       |       |       |     4 ||     4
 Abil: Dig               |       |     2 |     4 |     5 ||    11
  Use: Scroll            |       |     2 |       |    18 ||    20
       Potion            |       |       |       |     1 ||     1
 Stab: Distracted        |       |       |       |     3 ||     3
Armor: Scale mail        |    21 |       |       |       ||    21
       Chain mail        |    31 |    96 |   110 |   284 ||   521
       Skin              |       |       |       |    29 ||    29
Dodge: Dodged            |    37 |    34 |    57 |   165 ||   293
Block: Kite shield       |    54 |    93 |   144 |   406 ||   697

Table legend: (Time is in decaauts)
 A = Elapsed time spent in this place.
 B = Non-inter-level travel time spent in this place.
 C = Inter-level travel time spent in this place.
 D = Time resting spent in this place.
 E = Time spent auto-exploring this place.
 F = Levels seen in this place.
 G = Mean time per level.
                   A        B        C        D        E       F      G
               +--------+--------+--------+--------+--------+-----+--------+
         Total |  11252 |  10481 |    771 |     74 |   7517 |  14 |  803.7 |
       Dungeon |  10535 |   9880 |    655 |     74 |   7097 |  11 |  957.7 |
        Temple |    180 |     97 |     83 |      0 |     92 |   1 |  180.0 |
          Lair |    264 |    232 |     32 |      0 |    177 |   1 |  264.0 |
         Abyss |    272 |    272 |      0 |      0 |    151 |   1 |  272.0 |
               +--------+--------+--------+--------+--------+-----+--------+

Top non-repeatable levels by time:
     D:6: 1582 daAuts
     D:9: 1314 daAuts
     D:5: 1050 daAuts
     D:2: 1011 daAuts
    D:10: 1007 daAuts
     D:4: 922 daAuts
     D:3: 911 daAuts
     D:1: 834 daAuts
     D:7: 766 daAuts
     D:8: 753 daAuts
    D:11: 382 daAuts
 Abyss:1: 272 daAuts
  Lair:1: 264 daAuts
  Temple: 180 daAuts
